 Dungeon Crawl Stone Soup version 0.29-a0-284-gf9362112df (webtiles) character file.

Game seed: 15667437311210145750

4372 experimilk the Basher (level 10, -4/85 HPs)
             Began as a Palentonga Fighter on Mar 31, 2022.
             Was a Follower of Qazlal.
             Slain by a mummy (10 damage)
             ... in an ossuary.
             The game lasted 00:23:06 (11048 turns).

experimilk the Basher (Palentonga Fighter)         Turns: 11048, Time: 00:23:07

Health: -4/85      AC: 19    Str: 24    XL:     10   Next: 13%
Magic:  12/12      EV:  5    Int:  9    God:    Qazlal [*.....]
Gold:   230        SH:  6    Dex:  9    Spells: 9/9 levels left

rFire   . . .      SeeInvis +   i - +1 club (spect)
rCold   . . .      Faith    .   c - +0 buckler
rNeg    . . .      Spirit   .   n - +0 chain mail
rPois   +          Reflect  .   f - +0 helmet
rElec   .          Harm     .   B - +1 cloak {rPois}
rCorr   .          Rampage  .   (no gloves)
Will    .....                   (no barding)
Stlth   ..........              (no amulet)
HPRegen 0.24/turn               (no ring)
MPRegen 0.13/turn               (no ring)

@: curled up
A: large, rugged brown scales 3, see invisible, deformed body, roll 1, armoured
tail, reflexive curl
a: Rolling Charge, Renounce Religion


You were in an ossuary.
You worshipped Qazlal.
Qazlal was aware of your devotion.
You visited 2 branches of the dungeon, and saw 9 of its levels.
You also visited: Sewer and Ossuary.

You collected 422 gold pieces.
You spent 192 gold pieces at shops.

Inventory:

Hand Weapons
 a - a +0 flail
 i - a +1 spectral club (weapon)
Missiles
 w - 7 boomerangs (quivered)
Armour
 b - a +0 scale mail
 c - a +0 buckler (worn)
 f - a +0 helmet (worn)
 n - a +0 chain mail (worn)
 B - a +1 cloak of poison resistance (worn)
Wands
 h - a wand of acid (4)
 z - a wand of iceblast (30)
 C - a wand of flame (56)
 D - a wand of charming (5)
Scrolls
 d - a scroll of silence
 e - 3 scrolls of amnesia
 p - 3 scrolls of magic mapping
 q - a scroll of immolation
 r - 4 scrolls of teleportation
 s - 2 scrolls of vulnerability
 t - a scroll of summoning
 y - a scroll of fear
Potions
 g - 5 potions of curing
 j - 3 potions of cancellation
 k - a potion of magic {unknown}
 l - 8 potions of attraction
 m - a potion of ambrosia {unknown}
 u - a potion of haste {unknown}
 x - 2 potions of mutation
 A - a potion of lignification {unknown}


   Skills:
 + Level 7.9 Fighting
 * Level 11.3 Maces & Flails
 + Level 5.0 Armour
 - Level 3.0 Shields
 - Level 3.0 Invocations


You had 9 spell levels left.
You didn't know any spells.
Your spell library contained the following spells:

 Spells                   Type           Power      Damage    Failure   Level
 Animate Skeleton         Necr           0%         N/A       98%         1
 Apportation              Tloc           0%         N/A       98%         1
 Freeze                   Ice            0%         1d3       98%         1
 Summon Small Mammal      Summ           0%         N/A       98%         1
 Corpse Rot               Necr/Air       0%         N/A       99%         2
 Poisonous Vapours        Pois/Air       0%         N/A       99%         2
 Static Discharge         Conj/Air       0%         N/A       99%         2
 Sublimation of Blood     Necr           0%         N/A       99%         2
 Wereblood                Tmut           0%         N/A       99%         2
 Frozen Ramparts          Ice            0%         1d2       100%        3
 Fulminant Prism          Conj/Hex       0%         3d6       100%        4
 Hailstorm                Conj/Ice       0%         3d3       100%        4
 Iskenderun's Mystic Bla  Conj/Tloc      0%         2d3       100%        4
 Lee's Rapid Deconstruct  Erth           0%         3d5*      100%        5
 Lightning Bolt           Conj/Air       0%         1d11      100%        5
 Summon Hydra             Summ           0%         N/A       100%        7
 Maxwell's Capacitive Co  Air            0%         ∞         100%        8


Dungeon Overview and Level Annotations

Branches:
Dungeon (8/15)             Temple (1/1) D:4           Sewer (visited)
Ossuary (1/1)
   Lair: D:8-11

Altars:
Ashenzari
Cheibriados
Dithmenos
Elyvilon
Gozag
Hepliaklqana
Kikubaaqudgha
Nemelex Xobeh
Okawaru
Qazlal
Ru
Sif Muna
Trog
Uskayaw
Vehumet
Wu Jian
Xom
Yredelemnul
The Shining One

Shops:
D:2 !?*   D:6 *

Annotations:
D:7 1 runed translucent door, enile's ghost, novice GnWn


Innate Abilities, Weirdness & Mutations

You are completely covered in rugged brown scales. (AC +3, +7% HP)
You have supernaturally acute eyesight. (SInv)
Armour fits poorly on your strangely shaped body.
You can roll at nearby foes to attack.
You have a long armoured tail.
You curl defensively after being hit. (AC +7*)


Message History

Unknown command.
You sock the mummy!
The mummy is moderately damaged.
Your +1 spectral club hits the mummy.
The mummy hits you.
You feel much better.
The mummy is engulfed in freezing vapours.
The mummy hits you! You block the mummy's attack.
The mummy hits you but does no damage.
You hit the mummy. You tail-slap the mummy.
The mummy is almost destroyed.
The gnoll zombie barely misses you. The mummy hits you!
The mummy is engulfed in freezing vapours.
The mummy hits you but does no damage.
You barely miss the mummy.
The mummy is almost destroyed.
The mummy hits you!
* * * LOW HITPOINT WARNING * * *
You block the mummy's attack.
You hit the mummy but do no damage.
The mummy is almost destroyed.
You block the gnoll zombie's attack. The mummy hits you!
* * * LOW HITPOINT WARNING * * *
The mummy is engulfed in freezing vapours.
You destroy the mummy!
Qazlal accepts your kill.
You can't see any enemies this would affect, really read the scroll of fear?
Okay, then.
You feel better.
The gnoll zombie hits you but does no damage.
The mummy hits you!
* * * LOW HITPOINT WARNING * * *
The mummy hits you.
* * * LOW HITPOINT WARNING * * *
You feel better.
You block the hobgoblin zombie's attack.
The mummy hits you!
* * * LOW HITPOINT WARNING * * *
The gnoll zombie hits you but does no damage.
You feel better. The mummy hits you but does no damage. The mummy hits you!
You die...

... #### ...
.... ##..## ....
....##....##....
................
................
#..............#
#........#
##.ZMM..##
##Z@M.## #..§.#
#....# #....#
#....# #....#
#....# #....#
#.∩∩.#


You could see 3 mummies, a hobgoblin zombie and a gnoll zombie.

Vanquished Creatures
  Pikel (D:7)
  Joseph (D:7)
  Psyche (D:8)
  Grinder (D:3)
  Sigmund (D:5)
  5 yaks (D:8)
  2 steam dragons
  2 water moccasins (D:6)
  A sky beast (D:7)
  A black bear (D:6)
  An ice beast (D:6)
  2 centaurs
  4 bullfrogs
  A kobold brigand (D:8)
  A scorpion (D:4)
  6 killer bees (D:6)
  A howler monkey (D:8)
  An orc priest (D:5)
  A gnoll shaman (D:5)
  Jessica (D:3)
  4 orc wizards
  5 mummies (Ossuary)
  10 gnolls
  5 adders
  3 river rats (D:3)
  2 white imps
  An ufetubus (D:6)
  5 worms
  A dart slug (D:3)
  15 orcs
  4 bats
  15 endoplasms
  13 giant cockroaches
  7 hobgoblins
  10 kobolds
  13 quokkas
  10 ball pythons
  6 frilled lizards
  7 goblins
  A hobgoblin zombie (Ossuary)
  4 kobold zombies (Ossuary)
  An orc zombie (Ossuary)
  A rat (D:3)
178 creatures vanquished.

Vanquished Creatures (collateral kills)
  A yak (D:8)
1 creature vanquished.

Vanquished Creatures (others)
  A yak (D:8)
  A plant (D:8)
2 creatures vanquished.

Grand Total: 181 creatures vanquished

Notes
Turn   | Place    | Note
-------+----------+-------------------------------------------
     0 | D:1      | experimilk the Palentonga Fighter began the quest for the
                  | Orb.
     0 | D:1      | Reached XP level 1. HP: 19/19 MP: 1/1
   181 | D:1      | Reached XP level 2. HP: 20/25 MP: 2/2
   204 | D:1      | Reached skill level 3 in Maces & Flails
   773 | D:1      | Found a faded altar of an unknown god.
   776 | D:1      | Reached XP level 3. HP: 25/31 MP: 3/3
  1623 | D:2      | Reached skill level 4 in Maces & Flails
  1694 | D:2      | Found Settoal's Magic Scroll Emporium.
  1699 | D:2      | Bought a scroll of identify for 22 gold pieces
  1699 | D:2      | Bought a scroll of identify for 22 gold pieces
  1810 | D:2      | Found Ellosch's Assorted Antiques.
  1948 | D:2      | Found a shimmering altar of Xom.
  2297 | D:2      | Reached XP level 4. HP: 26/37 MP: 4/4
  2661 | D:2      | Found Usuoluz's Distillery.
  3163 | D:3      | Noticed Jessica
  3182 | D:3      | Killed Jessica
  3183 | D:3      | Reached skill level 5 in Maces & Flails
  3202 | D:3      | Found a glowing drain.
  3206 | Sewer    | Entered a sewer
  3421 | Sewer    | Reached XP level 5. HP: 43/43 MP: 5/5
  3680 | Sewer    | Reached skill level 6 in Maces & Flails
  3682 | Sewer    | Reached XP level 6. HP: 22/50 MP: 6/6
  4470 | D:3      | Noticed Grinder
  4479 | D:3      | Killed Grinder
  4480 | D:3      | Gained mutation: You curl defensively after being hit. (AC
                  | +7*) [Palentonga growth]
  4480 | D:3      | Reached XP level 7. HP: 16/56 MP: 7/7
  5417 | D:4      | Found a staircase to the Ecumenical Temple.
  5429 | Temple   | Entered the Ecumenical Temple
  5681 | Temple   | Became a worshipper of Qazlal Stormbringer
  5867 | D:4      | Reached skill level 7 in Maces & Flails
  6290 | D:5      | Entered Level 5 of the Dungeon
  6461 | D:5      | Found an ornate altar of the Wu Jian Council.
  6466 | D:5      | Noticed a steam dragon
  6485 | D:5      | Killed a steam dragon
  6490 | D:5      | Reached skill level 8 in Maces & Flails
  6723 | D:5      | Noticed Sigmund
  6761 | D:5      | Killed Sigmund
  6762 | D:5      | Reached skill level 5 in Fighting
  6762 | D:5      | Reached XP level 8. HP: 52/66 MP: 8/8
  8191 | D:6      | Reached skill level 9 in Maces & Flails
  8318 | D:6      | Found Meufus's Serpentskin Sales.
  8323 | D:6      | Reached skill level 1 in Invocations
  8328 | D:6      | Bought a +1 cloak of poison resistance for 148 gold pieces
  8412 | D:6      | Found a glowing golden altar of the Shining One.
  8572 | D:6      | Reached * piety under Qazlal
  9161 | D:6      | Identified the +2 dagger "Gihy" {venom, Drain rC+ rN+++
                  | Int-5}
  9200 | D:6      | Reached XP level 9. HP: 66/75 MP: 10/10
  9485 | D:7      | Noticed Pikel
  9510 | D:7      | Noticed Joseph
  9520 | D:7      | Killed Joseph
  9625 | D:7      | Found a runed translucent door.
  9625 | D:7      | Noticed enile's ghost (novice GnWn)
  9758 | D:7      | Killed Pikel
  9759 | D:7      | Reached skill level 10 in Maces & Flails
 10716 | D:8      | Found an opulent altar of Gozag.
 10716 | D:8      | Found an iron altar of Okawaru.
 10716 | D:8      | Found a shadowy altar of Dithmenos.
 10743 | D:8      | Reached skill level 11 in Maces & Flails
 10751 | D:8      | Reached XP level 10. HP: 80/85 MP: 12/12
 10911 | D:8      | Noticed Psyche
 10917 | D:8      | Killed Psyche
 10918 | D:8      | Reached skill level 5 in Armour
 10990 | D:8      | Found a sand-covered staircase.
 11000 | Ossuary  | Entered an ossuary
 11046 | Ossuary  | HP: 3/85 [mummy (2)]
 11047 | Ossuary  | HP: 1/85 [mummy (7)]
 11048 | Ossuary  | Slain by a mummy

Illustrated notes

Levels and vault maps discovered:
D:1:      dpeg_arrival_brainrot, layout_loops_cross,
          hellmonk_ecumenical_altar_prayer_group, st_stairs_4
D:2:      layout_basic, basic_altar, serial_shops, shop_fountains,
          nicolae_shop_hallway_plus, shop_fountains
D:3:      layout_basic, lightli_sewer_entry_pipes, uniq_grinder, uniq_jessica
D:4:      layout_cave_pools, minmay_temple_entry_slanted, kennysheep_nub
D:5:      layout_cave_pools, nzn_wu_jian_contemplation, eino_tiny_chamber,
          uniq_sigmund
D:6:      layout_loops_corners, amcnicky_altar_gilded, serial_rivers,
          chequers_serial_rivers_micro_e, chequers_serial_rivers_marsh,
          chequers_serial_rivers_small_3, chequers_serial_rivers_large_a,
          chequers_serial_rivers_micro_c, guppyfry_shop_venom
D:7:      minmay_klotski, layout_loops_ring, hellmonk_ghost_happy_afterlife,
          uniq_pikel, uniq_joseph
D:8:      layout_loops_ring, gammafunk_temple_overflow_forgotten,
          nicolae_ossuary_entry_ruins, uniq_psyche
Temple:   eino_temple_water
Ossuary:  ossuary_tomb_3

Skill      XL: |  1  2  3  4  5  6  7  8  9 10 |
---------------+-------------------------------+-----
Maces & Flails | 3 4 5 6 8 9 11 | 11.3
Armour         | 3 4 5 |  5.0
Shields        | 3 |  3.0
Fighting       | 5 6 7 |  7.9
Invocations    | 2 3 |  3.0

Action                   |  1- 3 |  4- 6 |  7- 9 | 10-12 || total
-------------------------+-------+-------+-------+-------++-------
Melee: Flail             |    96 |    48 |       |       ||   144
       Tailslap          |     9 |    22 |    38 |     6 ||    75
       Club              |       |    96 |   264 |    63 ||   423
Throw: Boomerang         |       |       |     7 |       ||     7
 Abil: Rolling Charge    |    26 |     9 |    35 |     7 ||    77
Evoke: Wand              |       |     1 |     7 |       ||     8
  Use: Scroll            |     4 |     6 |     9 |       ||    19
       Potion            |     1 |       |     1 |     4 ||     6
 Stab: Distracted        |       |     1 |     1 |       ||     2
Armor: Scale mail        |    33 |       |       |       ||    33
       Chain mail        |     8 |    54 |   114 |    41 ||   217
Dodge: Dodged            |    26 |    34 |    39 |    14 ||   113
Block: Buckler           |    13 |    17 |    41 |    18 ||    89

Table legend: (Time is in decaauts)
 A = Elapsed time spent in this place.
 B = Non-inter-level travel time spent in this place.
 C = Inter-level travel time spent in this place.
 D = Time resting spent in this place.
 E = Time spent auto-exploring this place.
 F = Levels seen in this place.
 G = Mean time per level.
                   A        B        C        D        E       F      G
               +--------+--------+--------+--------+--------+-----+--------+
         Total |  11164 |  10849 |    315 |   4687 |   4296 |  11 | 1014.9 |
       Dungeon |  10120 |   9805 |    315 |   4248 |   4119 |   8 | 1265.0 |
        Temple |    268 |    268 |      0 |      0 |    166 |   1 |  268.0 |
         Sewer |    732 |    732 |      0 |    439 |      0 |   1 |  732.0 |
       Ossuary |     42 |     42 |      0 |      0 |     11 |   1 |   42.0 |
               +--------+--------+--------+--------+--------+-----+--------+

Top non-repeatable levels by time:
     D:6: 2273 daAuts
     D:3: 1828 daAuts
     D:1: 1616 daAuts
     D:2: 1331 daAuts
     D:7: 1070 daAuts
     D:5: 889 daAuts
   Sewer: 732 daAuts
     D:4: 664 daAuts
     D:8: 447 daAuts
  Temple: 268 daAuts
 Ossuary: 42 daAuts
